 Dungeon Crawl Stone Soup version 0.29.1-13-g9f3cf754e1 (webtiles) character file.

Game seed: 8003038309069903199

41 booth the Chopper (level 3, -1/27 HPs)
             Began as a Demonspawn Gladiator on Jan 28, 2023.
             Was a Believer of Lugonu.
             Slain by an adder (2 damage)
             ... on level 2 of the Dungeon.
             The game lasted 00:08:56 (1679 turns).

booth the Chopper (Demonspawn Gladiator)            Turns: 1679, Time: 00:08:57

Health: -1/27      AC:  4    Str: 13 (16) XL:     3   Next: 32%
Magic:  4/4        EV: 12    Int:  9      God:    Lugonu [**....]
Gold:   76         SH:  0    Dex: 12 (14) Spells: 2/2 levels left

rFire   . . .      SeeInvis .   a - +0 war axe
rCold   . . .      Faith    .   (no shield)
rNeg    . . .      Spirit   .   b - +0 leather armour
rPois   .          Reflect  .   (helmet restricted)
rElec   .          Harm     .   (no cloak)
rCorr   .          Rampage  .   j - +0 pair of gloves
Will    .....                   (no boots)
Stlth   +.........              (no amulet)
HPRegen 0.09/turn               (no ring)
MPRegen 0.09/turn               (no ring)

@: lethally poisoned (-1 -> -3)
A: antennae 1
a: Renounce Religion, Depart the Abyss, Bend Space


You were on level 2 of the Dungeon.
You worshipped Lugonu.
Lugonu was pleased with you.
You visited 1 branch of the dungeon, and saw 2 of its levels.

You collected 76 gold pieces.

Inventory:

Hand Weapons
 a - a +0 war axe (weapon)
Missiles
 d - 2 throwing nets (quivered)
 g - a javelin
Armour
 b - a +0 leather armour (worn)
 c - a +0 ring mail
 j - a +0 pair of gloves (worn)
Scrolls
 e - a scroll of amnesia
 h - a scroll of noise {unknown}
 i - a scroll of fear {unknown}
Potions
 f - 2 potions of might
 k - a potion of brilliance {unknown}
 l - 3 potions of flight {unknown}


   Skills:
 + Level 2.0 Fighting
 + Level 3.2 Axes
 + Level 1.7 Throwing
 + Level 1.1 Armour
 + Level 2.8 Dodging
 + Level 1.8 Invocations


You had 2 spell levels left.
You didn't know any spells.
Your spell library contained the following spells:

 Spells                   Type           Power      Damage    Failure   Level
 Gell's Gravitas          Tloc           0%         N/A       83%         3
 Teleport Other           Tloc           0%         N/A       83%         3
 Dispersal                Tloc           0%         N/A       100%        6


Dungeon Overview and Level Annotations

Branches:
Dungeon (2/15)

Altars:
Lugonu


Innate Abilities, Weirdness & Mutations

You have a pair of small antennae on your head.


Message History

Lugonu accepts your kill.
Found a scroll labelled VOCUULL AMAOS and a barding.
Found a pair of gloves.
i - a scroll labelled VOCUULL AMAOS You see here a +0 pair of gloves.
j - a +0 pair of gloves You start putting on your armour.
You continue putting on your +0 pair of gloves. x4
You finish putting on your +0 pair of gloves.
An adder comes into view.
The adder closely misses you.
You hit the adder but do no damage. The adder bites you.
You are poisoned.
The adder poisons you! The adder closely misses you.
You closely miss the adder.
You feel sick. The adder bites you. The adder bites you but does no damage.
You miss the adder.
You feel sick. The adder bites you but does no damage.
You slash the adder!
The adder is severely wounded.
You feel sick. The adder barely misses you. The adder bites you.
You closely miss the adder.
The adder is severely wounded.
You feel sick.
You are no longer poisoned.
The adder bites you.
* * * LOW HITPOINT WARNING * * *
You are poisoned.
The adder poisons you! The adder bites you.
* * * LOW HITPOINT WARNING * * *
You miss the adder.
The adder is severely wounded.
* * * LOW HITPOINT WARNING * * *
You feel sick. The adder bites you but does no damage.
You barely miss the adder.
The adder is severely wounded.
* * * LOW HITPOINT WARNING * * *
You feel sick. The adder bites you.
* * * LOW HITPOINT WARNING * * *
The adder bites you.
You die...

#..................#
##..(.######.......#
#.#....###......[.##
.. ##.#......##..#..#
. #..............[##
##...............##{
#................###
#
#...########.####..##
.
##........S@.####...#
.
#....######...#...###
. #.....# ##......# #
#.##..# #.....##
#.....### ##..#...#
#..##### ####


You could see an adder.

Vanquished Creatures
  A gnoll (D:1)
  A worm (D:2)
  A dart slug (D:2)
  An orc (D:2)
  4 endoplasms
  2 giant cockroaches (D:1)
  A goblin (D:2)
  2 hobgoblins (D:1)
  3 jackals (D:2)
  3 bats (D:1)
  3 frilled lizards
  A kobold (D:1)
  A rat (D:2)
24 creatures vanquished.

Notes
Turn   | Place    | Note
-------+----------+-------------------------------------------
     0 | D:1      | booth the Demonspawn Gladiator began the quest for the Orb.
     0 | D:1      | Reached XP level 1. HP: 16/16 MP: 1/1
     5 | D:1      | Noticed an electric eel
   266 | D:1      | Found a faded altar of an unknown god.
   271 | D:1      | Prayed at the altar of an unknown god.
   271 | D:1      | Became a worshipper of Lugonu the Unformed
   271 | D:1      | Reached * piety under Lugonu
   271 | D:1      | Reached ** piety under Lugonu
   362 | D:1      | Reached skill level 3 in Axes
   610 | D:1      | Gained mutation: You have a pair of small antennae on your
                  | head. [demonic ancestry]
   610 | D:1      | Reached XP level 2. HP: 21/22 MP: 2/2
   803 | D:1      | HP: 1/22 [gnoll/+0 whip (3)]
   810 | D:1      | Reached skill level 1 in Invocations
  1307 | D:2      | Reached XP level 3. HP: 21/27 MP: 4/4
  1402 | D:2      | Reached skill level 1 in Armour
  1679 | D:2      | HP: 1/27 [adder (1)]
  1679 | D:2      | Slain by an adder

Illustrated notes

Levels and vault maps discovered:
D:1:      arrival_aquarium_a, layout_rooms, chequers_ecumenical_altar_lobes,
          minmay_tetromino_i2
D:2:      layout_rooms, kennysheep_potato

Skill      XL: |  1  2  3 |
---------------+----------+-----
Axes           | 3 |  3.2
Invocations    | 1 |  1.8
Armour         | 1 |  1.1
Fighting       | |  2.0
Throwing       | |  1.7
Dodging        | |  2.8

Action                   || total
-------------------------++-------
Melee: War axe           ||    91
       Punch             ||     2
Throw: Throwing net      ||     2
       Javelin           ||     2
Invok: Bend Space        ||     1
  Use: Potion            ||     4
       Scroll            ||     5
Armor: Leather armour    ||    27
Dodge: Dodged            ||    79
